 Dungeon Crawl Stone Soup version 0.18-a0-111-g6199648 (webtiles) character file.

76 Duffy the Caller (level 4, -7/24 HPs)
             Began as a Deep Elf Summoner on Nov 15, 2015.
             Mangled by Duffy's ghost (12 damage)
             ... on level 3 of the Dungeon.
             The game lasted 00:04:31 (2766 turns).

Duffy the Caller (Deep Elf Summoner)                Turns: 2766, Time: 00:04:31

Health: -7/24      AC:  8    Str:  5    XL:     4   Next: 12%
Magic:  1/12       EV:  8    Int: 21    God:
Gold:   115        SH:  0    Dex: 15    Spells: 3 memorised, 5 levels left

rFire  . . .     SeeInvis .     o - +0 trident
rCold  . . .     Clarity  .     a - +0 robe
rNeg   . . .     SustAt   .     (no shield)
rPois  .         Gourm    .     n - +1 hat
rElec  .         Spirit   .     (no cloak)
rCorr  .         Warding  .     (no gloves)
rMut   .         Stasis   .     (no boots)
MR     +....                    (no amulet)
Stlth  ++........               w - ring of protection from magic
                                d - +5 ring of protection

@: somewhat resistant to hostile enchantments, unstealthy
A: no striking features
a: no special abilities


You were on level 3 of the Dungeon.
You were not hungry.

You visited 1 branch of the dungeon, and saw 3 of its levels.

You collected 115 gold pieces.


   Skills:
 - Level 2.4 Dodging
 - Level 2.4 Stealth
 + Level 4.0 Spellcasting
 * Level 5.7 Summonings


You had 5 spell levels left.
You knew the following spells:

 Your Spells              Type           Power        Failure   Level  Hunger
a - Summon Small Mammal   Summ           ####         1%          1    None
i - Call Imp              Summ           ####....     1%          2    #......
n - Call Canine Familiar  Summ           ####....     3%          3    ###....

Inventory:

Hand Weapons
 o - a +0 trident (weapon)
Missiles
 e - 33 poisoned needles
 j - 71 stones (quivered)
Armour
 a - a +0 robe (worn)
 n - a +1 hat (worn)
Jewellery
 d - a +5 ring of protection (left hand)
 w - a ring of protection from magic (right hand)
Wands
 m - a wand of frost (30)
Scrolls
 g - a scroll of fear {unknown}
 h - a scroll of fog {unknown}
 l - a scroll of magic mapping {unknown}
 p - a scroll of teleportation {unknown}
 q - 2 scrolls of enchant armour {unknown}
 r - 3 scrolls of identify {unknown}
 s - a scroll of blinking {unknown}
 v - a scroll of noise {unknown}
Potions
 f - 3 potions of invisibility {unknown}
 i - a potion of mutation {unknown}
 u - 2 potions of magic {unknown}
Books
 b - a book of Callings
Comestibles
 c - 2 bread rations
 k - a meat ration
 t - a chunk of flesh

Dungeon Overview and Level Annotations

Branches:
Dungeon (3/15)

Altars:
The Shining One

Annotations:
D:3 Duffy's ghost, amateur HOFi


Message History

Duffy's ghost is moderately damaged.
Your hound bites Duffy's ghost but does no damage.
Your white imp hits Duffy's ghost but does no damage.
Duffy's ghost hits your hound!
Your hound dies!
Your hound's corpse disappears in a puff of smoke!
Your white imp gestures at Duffy's ghost.
The puff of frost hits Duffy's ghost.
Your white imp hits Duffy's ghost but does no damage.
Cast which spell? (? or * to list)
Your white imp barely misses Duffy's ghost.
Your white imp gestures at Duffy's ghost.
The puff of frost hits Duffy's ghost.
Duffy's ghost hits your white imp!!
Your white imp dies!
Your hound bites Duffy's ghost but does no damage.
Your white imp closely misses Duffy's ghost.
Your hound barely misses Duffy's ghost.
Duffy's ghost hits your hound!
Your hound dies!
Your hound's corpse disappears in a puff of smoke!
Your white imp hits Duffy's ghost.
Your white imp freezes Duffy's ghost.
Attack whom?
Press: ? - help, Dir - move target cursor, f/p - Duffy's ghost
Aim: Duffy's ghost (severely damaged)
You reach to attack!
You hit Duffy's ghost.
Duffy's ghost is severely damaged.
Duffy's ghost hits your white imp!!
Your white imp dies!
Duffy's ghost hits you but does no damage.
Duffy's ghost hits you!!
Ouch! That really hurt!
There is a stone staircase leading up, spattered with blood here.
Duffy's ghost hits you!
Ouch! That really hurt!
You die...

##########
#........#
#........#
##...@....#
#.....W...#
#......)...#
[..#........#
## ######..##
##.# #[# #)#
#.#


You could see Duffy's ghost.

Action                   |  1- 3 |  4- 6 || total
-------------------------+-------+-------++-------
Melee: Trident           |    33 |     3 ||    36
 Cast: Summon Small Mamm |    57 |       ||    57
       Call Imp          |    23 |       ||    23
       Call Canine Famil |     9 |     1 ||    10
 Stab: Sleeping          |     3 |       ||     3
  Eat: Chunk             |     7 |       ||     7

Notes
Turn   | Place    | Note
--------------------------------------------------------------
     0 | D:1      | Duffy the Deep Elf Summoner began the quest for the Orb.
     0 | D:1      | Reached XP level 1. HP: 10/10 MP: 6/6
   764 | D:1      | Reached XP level 2. HP: 15/15 MP: 4/8
   768 | D:1      | Learned a level 2 spell: Call Imp
  1314 | D:2      | Reached skill level 5 in Summonings
  1862 | D:2      | Reached XP level 3. HP: 19/19 MP: 6/10
  1919 | D:2      | Learned a level 3 spell: Call Canine Familiar
  1982 | D:2      | Found a glowing golden altar of the Shining One.
  2694 | D:3      | Noticed Duffy's ghost (amateur HOFi)
  2757 | D:3      | Reached skill level 4 in Spellcasting
  2757 | D:3      | Reached XP level 4. HP: 24/24 MP: 3/12
  2766 | D:3      | Mangled by Duffy's ghost

Vault maps used:
D:1:      nicolae_arrival_washed_ashore, minmay_misc_feat_pillars
D:2:      tso_metal_star
D:3:      vehumet_crystals, zin_statuary, nicolae_overflow_crystal_walls,
          grunt_temple_overflow_open, first_bread, uniq_crazy_yiuf_cottage,
          uniq_grinder

Vanquished Creatures
  An orc priest
  3 adders
  An ooze
  A worm
  3 orcs
  4 bats
  7 goblins
  9 hobgoblins
  9 jackals
  2 quokkas
  2 ball pythons
  A giant cockroach
  3 giant newts
  6 kobolds
  2 rats
54 creatures vanquished.
